 Dungeon Crawl Stone Soup version 0.17.1-3-g152610e (webtiles) character file.

214 Locuples the Covert (level 5, 0/39 HPs)
             Began as a Spriggan Assassin on Mar 30, 2016.
             Slain by a kobold
             ... wielding a +0 club
              (1 damage)
             ... on level 4 of the Dungeon.
             The game lasted 00:10:01 (2231 turns).

Locuples the Covert (Spriggan Assassin)             Turns: 2231, Time: 00:10:01

Health: 0/39       AC: 22    Str:  8    XL:     5   Next: 60%
Magic:  6/6        EV:  4    Int: 13    God:
Gold:   125        SH:  0    Dex: 17    Spells: 0 memorised, 4 levels left

rFire  + . .     SeeInvis +     a - +2 dagger
rCold  x . .     Clarity  .     (armour currently unavailable)
rNeg   + + +     SustAt   .     (shield restricted)
rPois  +         Gourm    .     (helmet currently unavailable)
rElec  .         Spirit   .     (cloak currently unavailable)
rCorr  .         Warding  .     (gloves unavailable)
rMut   .         NoTele   +     (boots unavailable)
MR     .....                    (no amulet)
Stlth  ++++++....               (no ring)
                                s - ring of fire

@: tree-form (expiring), not resistant to hostile enchantments, very stealthy
A: unfitting armour, see invisible, herbivore 3, (speed 0), slow metabolism 2
a: no special abilities


You were on level 4 of the Dungeon.
You were not hungry.
You were a tree.
You visited 1 branch of the dungeon, and saw 4 of its levels.

You collected 125 gold pieces.

Inventory:

Hand Weapons
 a - a +2 dagger (weapon)
 b - a +0 blowgun
Missiles
 e - 26 poisoned needles
 f - 2 curare-tipped needles
Armour
 c - a +0 robe (melded)
 d - a +0 cloak (melded)
Jewellery
 s - a ring of fire (left branch)
Scrolls
 h - a scroll of noise {unknown}
 i - a scroll of teleportation {unknown}
 k - 3 scrolls of identify {unknown}
 n - a scroll of enchant weapon {unknown}
 q - a scroll of remove curse {unknown}
 t - a scroll of amnesia {unknown}
 u - a scroll of random uselessness {unknown}
Potions
 j - a potion of cure mutation {unknown}
 m - a potion of invisibility {unknown}
 o - a potion of curing {unknown}
 r - a potion of heal wounds {unknown}
 w - a potion of beneficial mutation {unknown}
Books
 p - a book of Power

   Spells                             Type                      Level
   a - Fulminant Prism                Conjuration/Hexes            4
   b - Iskenderun's Mystic Blast      Conjuration                  4
   c - Venom Bolt                     Conjuration/Poison           5
   d - Bolt of Magma                  Conjuration/Fire/Earth       5
   e - Iron Shot                      Conjuration/Earth            6
   f - Orb of Destruction             Conjuration                  7
   g - Spellforged Servitor           Conjuration/Summoning        7
Comestibles
 g - a bread ration
 l - a slice of pizza


   Skills:
 + Level 2.2 Fighting
 + Level 2.6 Short Blades
 + Level 2.6 Throwing
 + Level 3.5 Dodging
 * Level 8.7 Stealth


You had 4 spell levels left.
You didn't know any spells.

Dungeon Overview and Level Annotations

Branches:
Dungeon (4/15)
 Temple: D:4-7

Altars:
Ru

Annotations:
D:3 Sigmund


Innate Abilities, Weirdness & Mutations

You are tiny and cannot use many weapons and most armour.
You have supernaturally acute eyesight.
You are a herbivore.
((You cover ground extremely quickly.))
You need consume almost no food.


Message History

The orc priest is almost dead.
The kobold hits you but does no damage.
The orc priest looks braver for a moment.
The kobold barely misses you.
You closely miss the orc priest.
The orc priest is almost dead.
The kobold barely misses you.
The orc priest hits you but does no damage.
You hit the orc priest.
The orc priest is almost dead.
The kobold barely misses you. The kobold hits you but does no damage.
You hit the orc priest but do no damage.
The orc priest is almost dead.
Your transformation is almost over.
The orc priest hits you but does no damage.
The kobold hits you but does no damage.
You completely miss the orc priest.
The orc priest is almost dead.
The kobold hits you with a club.
You die...

.....## #.........# #..## .#
....^.###..###..#########...###.#
......(..........................
......(..........................
..≈...(≈≈≈.≈≈.(....≈≈.≈≈≈≈≈≈.≈≈≈.
≈≈≈≈≈≈≈≈≈≈≈≈≈≈≈....≈≈≈≈≈≈≈≈≈≈≈≈≈≈
≈≈≈≈≈≈≈≈≈≈≈≈≈≈.....≈≈≈≈≈≈≈≈≈≈≈≈≈≈
≈≈≈≈≈≈≈≈≈≈≈≈≈≈≈....≈≈≈≈≈≈≈≈≈≈≈≈≈≈
################♣)###############
#KoK.# #....# ..#########(...##
##### ....K....#(.....#......
.......K.)).....'......
........K#......#......
..#########....######## #....#


You could see an orc priest and 2 kobolds.

Vanquished Creatures
  An orc wizard (D:3)
  Crazy Yiuf (D:2)
  2 giant frog skeletons (D:4)
  3 adders
  An ooze (D:2)
  A worm (D:3)
  7 orcs
  3 giant cockroaches
  7 goblins
  5 hobgoblins
  2 jackals (D:2)
  6 bats
  A giant gecko (D:1)
  7 giant newts
  13 kobolds
  A quokka zombie (D:3)
  4 rats
65 creatures vanquished.

Notes
Turn   | Place    | Note
--------------------------------------------------------------
     0 | D:1      | Locuples the Spriggan Assassin began the quest for the Orb.
     0 | D:1      | Reached XP level 1. HP: 10/10 MP: 2/2
    10 | D:1      | Reached skill level 6 in Stealth
   178 | D:1      | Reached XP level 2. HP: 14/14 MP: 3/3
   356 | D:1      | Reached skill level 7 in Stealth
   390 | D:1      | You fall through a shaft!
   723 | D:2      | Reached XP level 3. HP: 18/18 MP: 4/4
   728 | D:2      | Found a sacrificial altar of Ru.
   758 | D:2      | Noticed Crazy Yiuf
   762 | D:2      | Killed Crazy Yiuf
   846 | D:2      | Reached XP level 4. HP: 16/23 MP: 5/5
  1507 | D:3      | Reached skill level 8 in Stealth
  1630 | D:3      | Reached XP level 5. HP: 19/26 MP: 6/6
  1655 | D:3      | Noticed Sigmund
  2226 | D:4      | HP: 1/39 [kobold (1)]
  2231 | D:4      | Slain by a kobold

Action                   |  1- 3 |  4- 6 || total
-------------------------+-------+-------++-------
Melee: Dagger            |    61 |   177 ||   238
  Use: Potion            |       |     2 ||     2
 Stab: Sleeping          |    16 |     9 ||    25
